Description

zest archon chargelot builf for spawning tool

Build Order

Get SALT Encoding   

  14  0:17  Pylon  
  16  0:36  Gateway  
  17  0:47  Assimilator  
  20  1:23  Nexus  
  20  1:32  Cybernetics Core  
  21  1:43  Assimilator  
  22  1:51  Pylon  
  25  2:11  Adept (Chrono Boost)  
  26  2:18  Stargate  
  27  2:25  Warp Gate  
  29  2:29  Adept  
  36  2:55  Adept  
  39  3:03  Phoenix  
  40  3:07  Pylon  
  45  3:21  Oracle  
  47  3:32  Gateway  
  47  3:35  Assimilator x2  
  47  3:41  Pylon  
  49  3:54  Robotics Facility  
  49  4:09  Gateway, Twilight Council  
  51  4:24  Gateway  
  51  4:32  Gateway x2  
  52  4:36  Zealot  
  56  4:40  Warp Prism  
  58  4:46  Templar Archives  
  58  4:47  Action  Cut probes
  58  4:48  Charge  
  58  5:00  Pylon x2  
  58  5:02  Zealot x2  
  62  5:08  Pylon  
  62  5:26  Zealot x2  
  66  5:34  High Templar x4  
  74  5:44  Nexus  
  74  5:47  Pylon x2  
  77  5:54  Zealot x2  resume probes
  77  6:00  Pylon x2, Action  resume probes
  79  6:05  Action  Atack
  81  6:17  Zealot x3  
  79  6:24  Zealot x3  
  78  6:39  Zealot x3  
  72  6:47  High Templar x2, Zealot x2  
  81  7:04  High Templar x2, Zealot x2  
Spawning Tool Build Advisor. Get it on Overwolf

Go to:

Details

  • Created by: dimaxer
  • Published on: Oct 18, 2018
  • Modified on: Oct 18, 2018
  • Patch: 4.0.0
Show
View Real Time Build Order
Export as new Build Order

Comments (0)

There are no comments. Be the first!

Create an account to comment!